 Dungeon Crawl Stone Soup version 0.31-a0-219-g8d62b2e7bb (webtiles) character file.

Game seed: 7625488031028487852

433 qw the Chopper (level 7, -1/43 HPs)
             Began as a Gargoyle Fighter on July 3, 2023.
             Slain by a black bear (2 damage)
             ... on level 5 of the Dungeon.
             The game lasted 00:01:31 (3326 turns).

qw the Chopper (Gargoyle Fighter)                   Turns: 3326, Time: 00:01:31

Health: -1/43      AC: 13    Str: 22    XL:     7   Next: 0%
Magic:  7/7        EV:  8    Int:  8    God:
Gold:   136        SH:  4    Dex:  9    Spells: 6/6 levels left

rFire   + . .        Y - +0 war axe
rCold   . . .        c - +0 buckler
rNeg    + . .        g - +0 chain mail
rPois   inf          (helmet restricted)
rElec   +            (no cloak)
rCorr   .            (no gloves)
SInv    .            (no boots)
Will    .....        (no amulet) Stlth
                     o - ring of protection from fire
HPRegen 0.27/turn    (no ring)
MPRegen 0.10/turn

%: no passive effects
@: about to teleport
A: sickness immunity, AC +4, negative energy resistance 1, electricity
resistance, torment resistance 1, petrification resistance, claws 1, horns 1
a: no special abilities


You were on level 5 of the Dungeon.
You visited 1 branch of the dungeon, and saw 5 of its levels.

You collected 136 gold pieces.


Innate Abilities, Weirdness & Mutations

You are immune to sickness and miasma.
Your stone body is resilient. (AC +4)
You are immune to poison.
You resist negative energy. (rN+)
You are resistant to electric shocks. (rElec)
You are resistant to unholy torment.
You are immune to petrification.
You have sharp fingernails.
You have a pair of small horns on your head.


   Skills:
 - Level 4.0 Fighting
 + Level 6.1 Axes
 - Level 3.2 Armour
 - Level 1.0 Dodging
 - Level 3.2 Shields


You had 6 spell levels left.
You didn't know any spells.
Your spell library was empty.

Inventory:

Hand Weapons
 n - a +0 morningstar
 Y - a +0 war axe (weapon)
Armour
 c - a +0 buckler (worn)
 g - a +0 chain mail (worn)
Jewellery
 b - a ring of ice
 m - a ring of ice
 o - a ring of protection from fire (left claw)
Scrolls
 l - 2 scrolls of identify
Potions
 a - a potion of enlightenment
 d - a potion of might
 f - 2 potions of mutation
 h - a potion of heal wounds
 i - a potion of haste
 j - 2 potions of attraction
 k - a potion of curing

Dungeon Overview and Level Annotations

Branches:
Dungeon (5/15)
 Temple: D:4-7

Altars:
Ashenzari
Makhleb
Trog
Yredelemnul

Annotations:
D:3 3 runed translucent doors, qw's ghost, amateur MiHs


Message History

The black bear bites you.
The black bear claws you but does no damage. x2
You slash the black bear!
The black bear is heavily wounded.
You hit the black bear. You slash the hound! You closely miss the black bear.
The hound bites you but does no damage. You block the black bear's attack.
The black bear claws you. x2
The black bear bites you but does no damage.
The black bear claws you but does no damage. x2
The black bear bites you but does no damage.
The black bear closely misses you.
The black bear claws you but does no damage.
You block the hound's attack.
You hit the black bear.
The black bear is severely wounded.
You barely miss the black bear. You hit the black bear.
You closely miss the hound. The hound bites you but does no damage.
The black bear bites you but does no damage.
The black bear claws you but does no damage. x2
The black bear bites you.
The black bear claws you but does no damage. x2
The black bear bites you. The black bear completely misses you.
You block the black bear's attack. The hound bites you.
The black bear bites you!
The black bear claws you but does no damage. x2
The black bear bites you but does no damage.
You block the black bear's attack.
The black bear claws you but does no damage.
The black bear bites you but does no damage.
The black bear claws you. The black bear barely misses you.
3326 ||| READING scroll of teleportation.
As you read the scroll of teleportation, it crumbles to dust.
You feel strangely unstable. The hound barely misses you.
The hound bites you but does no damage.
You block the black bear's attack. x2; The black bear claws you.
You block the black bear's attack.
The black bear claws you but does no damage.
The black bear claws you.
You die...

####....##.#.#.
...........#....
##.#####...........
#
.........<.#......
.#.......#..#.....#
..#####....# ....#
#.###.#...# ....#
#h#.#.#..# ...#
#@#.##..# ####
#hhh###..# #:#?#.#
..# #.#.#.#.# .#
..# # # #.. ... ...
##. ... # ..


You could see 3 black bears and a hound.

Vanquished Creatures
  A black bear (D:4)
  3 jellies
  3 hounds
  7 adders
  A gnoll (D:1)
  An ufetubus (D:5)
  3 worms
  2 dart slugs
  8 orcs
  2 bats (D:1)
  3 endoplasms
  A giant cockroach (D:1)
  5 goblins
  5 hobgoblins
  2 jackals (D:1)
  8 kobolds
  4 quokkas
  8 ball pythons
  3 frilled lizards
  3 rats (D:1)
73 creatures vanquished.

Notes
Turn   | Place    | Note
-------+----------+-------------------------------------------
     0 | D:1      | qw the Gargoyle Fighter began the quest for the Orb.
     0 | D:1      | Reached XP level 1. HP: 14/14 MP: 1/1
     0 | D:1      | 0 ||| qw: Version: 0.3-a-40-ge99b1a8
     0 | D:1      | 0 ||| qw: Game counter: 382
     0 | D:1      | 0 ||| qw: Melee chars always use a shield: true
     0 | D:1      | 0 ||| qw: God list: Okawaru
     0 | D:1      | 0 ||| qw: Allow faded altars: false
     0 | D:1      | 0 ||| qw: Do Orc after clearing Dungeon:15 true
     0 | D:1      | 0 ||| qw: Do second Lair branch before Depths: true
     0 | D:1      | 0 ||| qw: Lair rune preference: random
     0 | D:1      | 0 ||| qw: Goals: Normal, Zot:1-4, Slime:5, God:TSO, Crypt,
                  | Tomb, Abyss, Pan, Hells, Win
     0 | D:1      | 0 ||| PLANNING D:1-11
    21 | D:1      | Reached skill level 2 in Axes
    43 | D:1      | Reached XP level 2. HP: 19/19 MP: 2/2
    79 | D:1      | 79 ||| Stepping ~*~*~tactically~*~*~ (stealth).
    81 | D:1      | 81 ||| Stepping ~*~*~tactically~*~*~ (hiding).
   108 | D:1      | Found a faded altar of an unknown god.
   116 | D:1      | 116 ||| Stepping ~*~*~tactically~*~*~ (hiding).
   118 | D:1      | 118 ||| Stepping ~*~*~tactically~*~*~ (hiding).
   260 | D:1      | 260 ||| Stepping ~*~*~tactically~*~*~ (stealth).
   269 | D:1      | 269 ||| Stepping ~*~*~tactically~*~*~ (stealth).
   368 | D:1      | Reached skill level 3 in Axes
   368 | D:1      | Reached XP level 3. HP: 14/23 MP: 3/3
   477 | D:1      | 477 ||| Stepping ~*~*~tactically~*~*~ (hiding).
   490 | D:1      | 490 ||| Stepping ~*~*~tactically~*~*~ (stealth).
   492 | D:1      | 492 ||| Stepping ~*~*~tactically~*~*~ (stealth).
   494 | D:1      | 494 ||| Stepping ~*~*~tactically~*~*~ (stealth).
   496 | D:1      | 496 ||| Stepping ~*~*~tactically~*~*~ (stealth).
   640 | D:1      | 640 ||| READING scroll labelled TIFOVV MOUKH.
   741 | D:1      | 741 ||| READING scroll labelled SOTEPSO COHOIRR.
   784 | D:2      | You fall into a shaft and drop 2 floors!
   815 | D:3      | 815 ||| Stepping ~*~*~tactically~*~*~ (stealth).
   816 | D:3      | 816 ||| Stepping ~*~*~tactically~*~*~ (stealth).
   838 | D:3      | Found a broken altar of Ashenzari.
   860 | D:3      | Reached skill level 4 in Axes
   860 | D:3      | Reached XP level 4. HP: 17/28 MP: 4/4
   945 | D:3      | Noticed qw's ghost (amateur MiHs)
   949 | D:3      | Found a runed translucent gate.
   949 | D:3      | Found a runed translucent gate.
   949 | D:3      | Found a runed translucent gate.
   949 | D:3      | Noticed a centaur
   967 | D:3      | Reached XP level 5. HP: 31/32 MP: 5/5
  1039 | D:3      | 1039 ||| READING scroll labelled NIWAAHOQON.
  1040 | D:3      | 1040 ||| READING scroll labelled SIUJACS VOANEI.
  1087 | D:2      | 1087 ||| Stepping ~*~*~tactically~*~*~ (hiding).
  1275 | D:2      | 1275 ||| Stepping ~*~*~tactically~*~*~ (stealth).
  1285 | D:2      | 1285 ||| Stepping ~*~*~tactically~*~*~ (stealth).
  1336 | D:2      | 1336 ||| Stepping ~*~*~tactically~*~*~ (hiding).
  1730 | D:2      | 1730 ||| UPGRADING to ring of protection from fire.
  1731 | D:2      | 1731 ||| READING scroll labelled DADALY VUQ VUY.
  1732 | D:2      | 1732 ||| READING scroll labelled XEATAC MILIATE.
  1733 | D:2      | 1733 ||| DRINKING 2 lumpy pink potions.
  1733 | D:2      | Gained mutation: You have a pair of small horns on your
                  | head. [potion of mutation]
  1733 | D:2      | Gained mutation: You have sharp fingernails. [potion of
                  | mutation]
  1734 | D:2      | 1734 ||| READING 8 scrolls of identify.
  1734 | D:2      | 1734 ||| IDENTIFYING metallic sapphire potion
  1735 | D:2      | 1735 ||| READING 7 scrolls of identify.
  1735 | D:2      | 1735 ||| IDENTIFYING bubbling silvery potion
  1736 | D:2      | 1736 ||| READING 6 scrolls of identify.
  1736 | D:2      | 1736 ||| IDENTIFYING amethyst potion
  1737 | D:2      | 1737 ||| READING 5 scrolls of identify.
  1737 | D:2      | 1737 ||| IDENTIFYING bubbling golden potion
  1738 | D:2      | 1738 ||| READING 4 scrolls of identify.
  1738 | D:2      | 1738 ||| IDENTIFYING metallic inky potion
  1739 | D:2      | 1739 ||| READING 3 scrolls of identify.
  1739 | D:2      | 1739 ||| IDENTIFYING blue potion
  1740 | D:2      | 1740 ||| DROPPING potion of berserk rage.
  1741 | D:2      | 1741 ||| DROPPING potion of degeneration.
  1774 | D:3      | Found a basalt altar of Yredelemnul.
  1774 | D:3      | Found a burning altar of Makhleb.
  1821 | D:3      | Found a bloodstained altar of Trog.
  1828 | D:3      | 1828 ||| Stepping ~*~*~tactically~*~*~ (stealth).
  2140 | D:3      | 2140 ||| DROPPING +0 whip of venom.
  2146 | D:3      | 2146 ||| Stepping ~*~*~tactically~*~*~ (stealth).
  2149 | D:3      | Reached skill level 5 in Axes
  2255 | D:3      | 2255 ||| UPGRADING to +0 chain mail.
  2265 | D:3      | 2265 ||| DROPPING +0 scale mail.
  2266 | D:3      | 2266 ||| READING 2 scrolls labelled QUFEOKI WOIS.
  2434 | D:4      | 2434 ||| Stepping ~*~*~tactically~*~*~ (hiding).
  2435 | D:4      | 2435 ||| Stepping ~*~*~tactically~*~*~ (hiding).
  2436 | D:4      | 2436 ||| Stepping ~*~*~tactically~*~*~ (hiding).
  2437 | D:4      | 2437 ||| Stepping ~*~*~tactically~*~*~ (hiding).
  2450 | D:4      | 2450 ||| Stepping ~*~*~tactically~*~*~ (stealth).
  2451 | D:4      | 2451 ||| Stepping ~*~*~tactically~*~*~ (stealth).
  2513 | D:4      | 2513 ||| Stepping ~*~*~tactically~*~*~ (stealth).
  2515 | D:4      | 2515 ||| Stepping ~*~*~tactically~*~*~ (stealth).
  2529 | D:4      | 2529 ||| Stepping ~*~*~tactically~*~*~ (hiding).
  2641 | D:4      | Noticed a black bear
  2652 | D:4      | Killed a black bear
  2653 | D:4      | Reached XP level 6. HP: 22/38 MP: 6/6
  2770 | D:4      | 2770 ||| Stepping ~*~*~tactically~*~*~ (stealth).
  2952 | D:4      | 2952 ||| Stepping ~*~*~tactically~*~*~ (hiding).
  3108 | D:4      | 3108 ||| READING 3 scrolls of identify.
  3108 | D:4      | 3108 ||| IDENTIFYING metallic yellow potion
  3131 | D:5      | Entered Level 5 of the Dungeon
  3149 | D:5      | Reached skill level 6 in Axes
  3153 | D:5      | Reached skill level 1 in Dodging
  3221 | D:5      | Reached XP level 7. HP: 18/43 MP: 7/7
  3325 | D:5      | HP: 4/43 [black bear (7)]
  3326 | D:5      | 3326 ||| READING scroll of teleportation.
  3326 | D:5      | HP: 1/43 [black bear (2)]
  3326 | D:5      | Slain by a black bear

Levels and vault maps discovered:
D:1:      minmay_arrival_diagonal_passages, layout_rooms,
          ebering_ecumenical_altar_abandoned, minmay_crystal_room
D:2:      layout_basic
D:3:      layout_basic, gammafunk_temple_overflow_forgotten,
          nicolae_ashenzari_skybound, gammafunk_ghost_split, minivault_19
D:4:      layout_loops_ring
D:5:      layout_basic, minivault_5, grunt_decor_mini_mirrors,
          wad_floor_pattern_2, minmay_circle_x

Skill      XL: |  1  2  3  4  5  6 |
---------------+-------------------+-----
Axes           | 2 3 4 5 6 |  6.1
Fighting       | 4 |  4.0
Dodging        | 1 |  1.0
Armour         | |  3.2
Shields        | |  3.2

Action                     |  1- 3 |  4- 6 |  7- 9 || total
---------------------------+-------+-------+-------++-------
  Melee: War axe           |    82 |   138 |     5 ||   225
         Headbutt          |       |    13 |     1 ||    14
    Use: Scroll            |     2 |    12 |     1 ||    15
         Potion            |       |     1 |       ||     1
 Armour: Scale mail        |    47 |    33 |       ||    80
         Chain mail        |       |    66 |    30 ||    96
  Dodge: Dodged            |    43 |    72 |     6 ||   121
  Block: Buckler           |    20 |    29 |    12 ||    61

Table legend:
 A = Non-vault XP
 B = Vault XP
 C = Vault XP percentage of total XP
 D = Non-vault monster count
 E = Vault monster count
 F = Vault count percentage of total count
                 A         B        C        D         E       F
            +---------+---------+-------+---------+---------+-------
      Total |     576 |      43 |   6.9 |      72 |       1 |   1.4
            +---------+---------+-------+---------+---------+-------
        D:1 |      51 |       0 |   0.0 |      26 |       0 |   0.0
        D:2 |      32 |       0 |   0.0 |       8 |       0 |   0.0
        D:3 |     155 |       0 |   0.0 |      17 |       0 |   0.0
        D:4 |     244 |       0 |   0.0 |      18 |       0 |   0.0
        D:5 |      94 |      43 |  31.4 |       3 |       1 |  25.0
            +---------+---------+-------+---------+---------+-------
